 Dungeon Crawl Stone Soup version 0.29.1-2-gbd0b4ee654 (webtiles) character file.

Game seed: 264370584644514507

3668 boopmooplesden the Carver (level 9, -6/77 (81) HPs)
             Began as a Minotaur Berserker on Nov 22, 2022.
             Was a Priest of Trog.
             Mangled by a wight
             ... wielding a +1 vorpal great sword
              (18 damage)
             ... on level 8 of the Dungeon.
             The game lasted 00:09:12 (9649 turns).

boopmooplesden the Carver (Minotaur Berserker)      Turns: 9649, Time: 00:09:13

HP:   -6/77 (81)    AC:  8    Str: 28    XL:     9   Next: 89%
MP:   8/8           EV: 12    Int: 10    God:    Trog [***...]
Gold: 490           SH:  6    Dex: 14    Spells: 8/8 levels left

rFire   . . .      SeeInvis .   x - +1 falchion (vorpal)
rCold   . . .      Faith    .   l - +1 buckler
rNeg    . . .      Spirit   .   i - +0 scale mail
rPois   .          Reflect  .   (helmet restricted)
rElec   .          Harm     .   (no cloak)
rCorr   +          Rampage  .   (no gloves)
Will    .....                   (no boots)
Stlth   +.........              (no amulet)
HPRegen 0.22/turn               n - ring "Gusyig" {+Blink rCorr Int+6}
MPRegen 0.11/turn               v - +6 ring of strength

@: lethally poisoned (-6 -> -9), on berserk cooldown, slowed, lightly drained,
very slow
A: horns 2, retaliatory headbutt
a: Renounce Religion, Evoke Blink, Berserk, Trog's Hand


You were on level 8 of the Dungeon.
You worshipped Trog.
Trog was most pleased with you.
You visited 1 branch of the dungeon, and saw 8 of its levels.

You collected 490 gold pieces.

Inventory:

Hand Weapons
 a - a +1 falchion
 x - a +1 vorpal falchion (weapon)
Armour
 b - a +0 animal skin
 i - a +0 scale mail (worn)
 l - a +1 buckler (worn)
 w - +0 steam dragon scales
Jewellery
 m - a ring of magical power
 n - the ring "Gusyig" (left hand) {+Blink rCorr Int+6}
   (You found it on level 5 of the Dungeon)

   [ring of intelligence]

   Int:       It affects your intelligence (+6).
   +Blink:    It lets you blink.
   rCorr:     It protects you from acid and corrosion.
 r - an amulet of guardian spirit
 v - a +6 ring of strength (right hand)
Wands
 c - a wand of polymorph (3)
 y - a wand of charming (4)
Scrolls
 f - a scroll of poison
 g - 7 scrolls of fear
 k - 3 scrolls of identify
 q - 2 scrolls of teleportation
Potions
 d - 2 potions of degeneration
 e - 3 potions of mutation
 h - a potion of invisibility
 j - a potion of heal wounds
 o - 2 potions of lignification {unknown}
 p - 2 potions of flight {unknown}
 s - a potion of cancellation {unknown}
 t - 2 potions of curing
 u - a potion of haste {unknown}


   Skills:
 + Level 7.9 Fighting
 + Level 10.5 Long Blades
 + Level 9.2 Armour
 + Level 5.5 Dodging
 + Level 1.9 Stealth
 + Level 4.3 Shields
 + Level 1.3 Unarmed Combat


You had 8 spell levels left.
You didn't know any spells.
Your spell library was empty.

Dungeon Overview and Level Annotations

Branches:
Dungeon (8/15)             Temple (0/1) D:6
   Lair: D:8-11

Altars:
Elyvilon
Hepliaklqana
Ru

Shops:
D:5 *


Innate Abilities, Weirdness & Mutations

You have a pair of horns on your head.
You reflexively headbutt those who attack you in melee.


Message History

You barely miss the wight. You headbutt the wight!
The wight is severely damaged.
You feel sick.
You closely miss the wight.
The wight is severely damaged.
You feel yourself speed up.
You feel sick. The wight hits you with a +1 trident.
The wight hits you with a +1 vorpal great sword!
You feel drained.
You hit the wight but do no damage.
The wight is severely damaged.
You feel sick. The wight barely misses you. You furiously retaliate!
You headbutt the wight! The wight hits you with a +1 trident.
You slash the wight!
You destroy the wight!
Trog accepts your kill.
You feel sick.
You feel sick. The wight closely misses you. The wight barely misses you.
Things that are here:
a +1 trident; a +0 robe A wight comes into view.
It is wielding a +3 mace.
Found a bubbling clear potion.
You feel a strong urge to attack something.
You feel sick.
You feel sick.
The wight hits you with a +4 short sword.
You feel drained.
The wight hits you with a +1 vorpal great sword!
Things that are here:
a +1 trident; a +0 robe You feel your anger nearly subside.
You are no longer berserk.
You are exhausted.
You feel yourself slow down. The wight misses you.
You hit the wight but do no damage. You headbutt the wight.
The wight is lightly damaged.
You feel sick.
The wight hits you with a +4 short sword!
* * * LOW HITPOINT WARNING * * *
The wight hits you with a +1 vorpal great sword!!
You die...

#.......##...#
#.###?..##...#
##.####..######
#......#.###
##......#...#
........†.#.#
.#....(.###.#
###+#..## #..
#...z@##....
#.####.)z..!..>.
#.......######.#
#..##.......z..
# !..........#.
#.####..##..# ..
.... .# . ##..#
# ..#


You could see 2 wights.

Vanquished Creatures
  Pikel (D:5)
  Grinder (D:6)
  A hornet (D:8)
  Sigmund (D:5)
  A steam dragon (D:8)
  Eustachio (D:5)
  Edmund (D:6)
  2 water moccasins
  2 ice beasts
  A sky beast (D:7)
  2 orc warriors
  An ogre (D:7)
  3 centaurs
  A lemure (D:5)
  A phantom (D:6)
  Blork the orc (D:5)
  2 bullfrogs
  A necrophage (D:6)
  A wight (D:8)
  5 killer bees
  A howler monkey (D:5)
  A jelly (D:6)
  2 hounds
  A gnoll bouda (D:6)
  4 orc priests
  3 iguanas (D:7)
  4 orc wizards
  5 gnolls (D:6)
  7 adders
  A white imp (D:6)
  3 worms
  2 dart slugs
  24 orcs
  7 bats
  6 endoplasms
  7 giant cockroaches
  6 hobgoblins
  3 jackals (D:4)
  11 kobolds
  10 ball pythons
  3 frilled lizards (D:3)
  6 goblins
  6 rats
153 creatures vanquished.

Vanquished Creatures (others)
  An orc wizard (D:5)
1 creature vanquished.

Grand Total: 154 creatures vanquished

Notes
Turn   | Place    | Note
-------+----------+-------------------------------------------
     0 | D:1      | boopmooplesden the Minotaur Berserker began the quest for
                  | the Orb.
     0 | D:1      | Reached XP level 1. HP: 19/19 MP: 0/0
   305 | D:1      | Reached XP level 2. HP: 27/27 MP: 1/1
   331 | D:1      | Reached skill level 4 in Long Blades
   996 | D:1      | Found a faded altar of an unknown god.
  1412 | D:2      | Reached XP level 3. HP: 33/33 MP: 2/2
  1584 | D:2      | You fall into a shaft and drop 1 floor!
  1588 | D:3      | Reached ** piety under Trog
  1839 | D:3      | Reached skill level 5 in Long Blades
  2120 | D:3      | Found a white marble altar of Elyvilon.
  2202 | D:3      | Reached XP level 4. HP: 41/41 MP: 3/3
  3517 | D:4      | Reached XP level 5. HP: 47/47 MP: 4/4
  3885 | D:4      | Reached *** piety under Trog
  4596 | D:5      | Entered Level 5 of the Dungeon
  4632 | D:5      | Reached skill level 6 in Long Blades
  4650 | D:5      | Identified the ring "Gusyig" {+Blink rCorr Int+6}
  4718 | D:5      | Noticed a lemure
  4718 | D:5      | Noticed a lemure
  4719 | D:5      | Noticed a lemure
  4719 | D:5      | Noticed Pikel
  4720 | D:5      | Noticed a lemure
  4733 | D:5      | Killed a lemure
  4739 | D:5      | Killed Pikel
  4740 | D:5      | Reached skill level 5 in Fighting
  4740 | D:5      | Reached skill level 7 in Long Blades
  4740 | D:5      | Reached skill level 5 in Armour
  4740 | D:5      | Reached skill level 1 in Shields
  4740 | D:5      | Reached skill level 1 in Unarmed Combat
  4740 | D:5      | Reached XP level 6. HP: 56/56 MP: 5/5
  4740 | D:5      | Reached XP level 7. HP: 61/61 MP: 6/6
  4839 | D:5      | Found a sacrificial altar of Ru.
  4845 | D:5      | Noticed Eustachio
  4934 | D:5      | Killed Eustachio
  5130 | D:5      | Noticed Sigmund
  5244 | D:5      | Killed Sigmund
  5245 | D:5      | Reached skill level 8 in Long Blades
  5245 | D:5      | Reached skill level 1 in Stealth
  5245 | D:5      | Reached XP level 8. HP: 59/70 MP: 7/7
  5510 | D:5      | Found Bufuteo's Overcharged Wands.
  5795 | D:5      | Noticed Blork the orc
  5804 | D:5      | Killed Blork the orc
  6443 | D:6      | Noticed Edmund
  6454 | D:6      | Killed Edmund
  6507 | D:6      | Found a staircase to the Ecumenical Temple.
  6899 | D:6      | Noticed Grinder
  6913 | D:6      | Killed Grinder
  7189 | D:6      | Reached skill level 9 in Long Blades
  7189 | D:6      | Reached XP level 9. HP: 74/78 MP: 8/8
  7966 | D:7      | Reached skill level 5 in Dodging
  8630 | D:7      | Found a hazy altar of Hepliaklqana.
  9259 | D:8      | Reached skill level 10 in Long Blades
  9636 | D:8      | Paralysed by a hornet for 2 turns
  9649 | D:8      | Mangled by a wight

Illustrated notes

Levels and vault maps discovered:
D:1:      nicolae_arrival_somewhat_less_tricky_arrival, layout_basic,
          shapermc_ecumenical_altar_notcrosses
D:2:      layout_basic
D:3:      layout_loops_ring, marbit_many_paths
D:4:      minmay_evil_eye, layout_basic, grunt_ministairs_6,
          kennysheep_generic_room_15
D:5:      layout_basic, nicolae_overflow_crystal_walls,
          nicolae_shop_overcharged_wands, uniq_eustachio, uniq_blork_the_orc,
          uniq_pikel, uniq_sigmund
D:6:      layout_rooms, minmay_temple_entry_waves, uniq_grinder, uniq_edmund
D:7:      minmay_general_purpose_star, layout_rooms, mainiacjoe_overflow_catwalk
D:8:      minmay_clustersquares, layout_basic, minmay_lindwurm_lava

Skill      XL: |  1  2  3  4  5  6  7  8  9 |
---------------+----------------------------+-----
Long Blades    | 4 5 7 8 9 10 | 10.5
Fighting       | 4 5 6 7 |  7.9
Armour         | 3 5 6 7 9 |  9.2
Dodging        | 3 4 5 |  5.5
Shields        | 1 2 3 4 |  4.3
Unarmed Combat | 1 |  1.3
Stealth        | 1 |  1.9

Action                   |  1- 3 |  4- 6 |  7- 9 || total
-------------------------+-------+-------+-------++-------
Melee: Falchion          |    98 |   108 |   284 ||   490
       Headbutt          |    15 |    28 |    59 ||   102
       Punch             |     2 |       |       ||     2
       Unarmed           |       |    11 |       ||    11
Invok: Berserk           |       |     1 |    12 ||    13
  Use: Scroll            |     5 |     8 |     4 ||    17
       Potion            |       |       |     3 ||     3
Armor: Animal skin       |     6 |       |       ||     6
       Scale mail        |    28 |    64 |   121 ||   213
       Skin              |       |     3 |       ||     3
Dodge: Dodged            |    74 |    84 |   152 ||   310
Block: Buckler           |       |    11 |    72 ||    83
